 Dungeon Crawl Stone Soup version 0.28.0-53-g5a82cb258f (webtiles) character file.

Game seed: 8703154698442158439

574 H0rd4k the Slasher (level 7, -7/51 HPs)
             Began as a Human Artificer on May 23, 2022.
             Mangled by a wyvern skeleton (12 damage)
             ... on level 5 of the Dungeon.
             The game lasted 00:08:20 (7778 turns).

H0rd4k the Slasher (Human Artificer)                Turns: 7778, Time: 00:08:20

Health: -7/51      AC:  3    Str: 12    XL:     7   Next: 61%
Magic:  7/7        EV: 12    Int: 13    God:
Gold:   125        SH:  0    Dex: 14    Spells: 6/6 levels left

rFire   . . .      SeeInvis .   j - +0 long sword
rCold   . . .      Faith    +   (no shield)
rNeg    . . .      Spirit   .   b - +0 leather armour
rPois   .          Reflect  .   (no helmet)
rElec   .          Harm     .   (no cloak)
rCorr   .          Rampage  .   (no gloves)
Will    .....                   (no boots)
Stlth   ++........              p - amulet of faith
HPRegen 0.17/turn               (no ring)
MPRegen 0.10/turn               (no ring)

@: studying Stealth
A: no striking features
a: no special abilities


You were on level 5 of the Dungeon.
You visited 1 branch of the dungeon, and saw 5 of its levels.

You collected 125 gold pieces.

Inventory:

Hand Weapons
 a - a +0 club
 j - a +0 long sword (weapon)
Missiles
 k - 8 curare-tipped darts
Armour
 b - a +0 leather armour (worn)
Jewellery
 p - an amulet of faith (around neck)
Wands
 d - a wand of charming (1)
 l - a wand of polymorph (7)
 r - a wand of digging (5)
Scrolls
 c - a scroll of holy word {unknown}
 f - 2 scrolls of enchant armour {unknown}
 g - 3 scrolls of identify {unknown}
 i - a scroll of amnesia {unknown}
 m - a scroll of noise {unknown}
 n - a scroll of vulnerability {unknown}
 o - 2 scrolls of enchant weapon {unknown}
Potions
 h - a potion of resistance
Miscellaneous
 e - a piece from Xom's chessboard (12/15)


   Skills:
 + Level 2.4 Fighting
 + Level 4.2 Long Blades
 + Level 1.1 Maces & Flails
 + Level 3.2 Armour
 + Level 3.1 Dodging
 + Level 2.4 Stealth
 + Level 4.0 Evocations


You had 6 spell levels left.
You didn't know any spells.
Your spell library contained the following spells:

 Spells                   Type           Power      Damage    Failure   Level
 Foxfire                  Conj/Fire      0%         2x1d4     36%         1
 Conjure Flame            Conj/Fire      0%         6-21      75%         3
 Gell's Gravitas          Tloc           0%         N/A       75%         3
 Inner Flame              Hex/Fire       0%         N/A       75%         3
 Lesser Beckoning         Tloc           0%         N/A       75%         3
 Teleport Other           Tloc           0%         N/A       75%         3
 Flame Wave               Conj/Fire      0%         2d4       98%         4
 Passage of Golubria      Tloc           0%         N/A       98%         4
 Iskenderun's Battlesphe  Conj           0%         2d6       100%        5
 Silence                  Hex/Air        0%         N/A       100%        5
 Iron Shot                Conj/Erth      0%         9d1       100%        6
 Spellforged Servitor     Conj/Summ      0%         N/A       100%        7
 Lehudib's Crystal Spear  Conj/Erth      0%         10d2      100%        8


Dungeon Overview and Level Annotations

Branches:
Dungeon (5/15)
 Temple: D:4-7

Altars:
Fedhas
Hepliaklqana
Nemelex Xobeh
Trog
Yredelemnul
The Shining One

Shops:
D:1 **(

Annotations:
D:1 exclusion: downstairs
D:3 1 runed translucent door, exclusions: door and downstairs, jaiteiro's ghost, weakling GnWn


Message History

You see here a +0 long sword.
You see here a +0 long sword.
An iguana is nearby!
You make a move on Xom's chessboard...
The iguana hisses angrily.
The iguana seems to grow stronger.
You make a move on Xom's chessboard...
The iguana struggles to resist.
Unknown command.
You make a move on Xom's chessboard...
The iguana seems to slow down.
You slash the iguana!
The iguana is heavily wounded.
The iguana bites you.
You slash the iguana!
You kill the iguana!
You see here an iguana corpse.
A wyvern skeleton comes into view.
A wyvern skeleton is nearby!
A wyvern skeleton is nearby!
The wyvern skeleton closely misses you.
You hit the wyvern skeleton.
The wyvern skeleton is lightly damaged.
The wyvern skeleton bites you. The wyvern skeleton barely misses you.
You slash the wyvern skeleton!
The wyvern skeleton is moderately damaged.
The wyvern skeleton bites you!
You hit the wyvern skeleton.
The wyvern skeleton is heavily damaged.
The wyvern skeleton bites you! x2
You hit the wyvern skeleton.
The wyvern skeleton is severely damaged.
The wyvern skeleton bites you!
* * * LOW HITPOINT WARNING * * *
You barely miss the wyvern skeleton.
The wyvern skeleton is severely damaged.
The wyvern skeleton completely misses you.
The wyvern skeleton misses you.
You slash the wyvern skeleton!
The wyvern skeleton is almost destroyed.
The wyvern skeleton bites you!
You die...

.......#.####..#..
..###.....##.....
.......#..........
#..#####.#.###.#..
#.................
##.#####.#.###.#.#
#.#####.#####.#.###.#.#
.#...................#..
......Z@.#####.#.#####.#
.#.#####.# #.#.# #.. #.#
###.#####.#
#.#######........
#.#####...............#
#.......#######.#######
#######.# #.# #.# #.#
### ###


You could see a wyvern skeleton.

Vanquished Creatures
  An ogre (D:3)
  A scorpion (D:4)
  3 hounds
  A centaur skeleton (D:4)
  3 iguanas
  A hound skeleton (D:4)
  4 gnolls
  7 adders
  6 worms
  4 dart slugs
  An orc (D:3)
  5 bats
  8 endoplasms
  4 giant cockroaches
  5 goblins
  3 hobgoblins
  3 jackals
  3 quokkas
  8 ball pythons
  2 frilled lizards (D:1)
  3 kobolds
  7 rats
83 creatures vanquished.

Vanquished Creatures (collateral kills)
  A gnoll shaman (D:5)
  An orc (D:4)
  2 goblins
  A hobgoblin (D:2)
  A bat (D:2)
  A frilled lizard (D:2)
7 creatures vanquished.

Vanquished Creatures (others)
  2 gnolls (D:5)
  An orc (D:3)
  A kobold (D:1)
  6 plants (D:4)
10 creatures vanquished.

Grand Total: 100 creatures vanquished

Notes
Turn   | Place    | Note
-------+----------+-------------------------------------------
     0 | D:1      | H0rd4k the Human Artificer began the quest for the Orb.
     0 | D:1      | Reached XP level 1. HP: 15/15 MP: 1/1
     7 | D:1      | Found Fico's Assorted Antiques.
    32 | D:1      | Found Fohicul's Weapon Boutique.
    49 | D:1      | Reached XP level 2. HP: 16/21 MP: 2/2
   250 | D:1      | HP: 1/21 [ball python (1)]
  1146 | D:1      | Reached XP level 3. HP: 26/26 MP: 3/3
  1257 | D:1      | Found Zifull's Assorted Antiques.
  1886 | D:2      | Reached skill level 1 in Maces & Flails
  2073 | D:2      | HP: 1/26 [goblin/stone (3)]
  2518 | D:2      | Reached XP level 4. HP: 22/32 MP: 4/4
  2854 | D:3      | Reached skill level 1 in Long Blades
  3026 | D:3      | Found a bloodstained altar of Trog.
  3482 | D:3      | HP: 1/32 [goblin/stone (5)]
  3484 | D:3      | Reached XP level 5. HP: 1/37 MP: 5/5
  3854 | D:3      | Found a faded altar of an unknown god.
  3952 | D:3      | Found a glowing golden altar of the Shining One.
  4329 | D:3      | Noticed an ogre
  4730 | D:3      | Found a runed translucent door.
  4735 | D:3      | Noticed jaiteiro's ghost (weakling GnWn)
  4810 | D:3      | Killed an ogre
  4811 | D:3      | Reached XP level 6. HP: 44/44 MP: 6/6
  5484 | D:4      | Reached XP level 7. HP: 32/50 MP: 7/7
  5930 | D:4      | Found a sparkling altar of Nemelex Xobeh.
  5985 | D:4      | Found a hazy altar of Hepliaklqana.
  6447 | D:5      | Entered Level 5 of the Dungeon
  6661 | D:5      | Found a basalt altar of Yredelemnul.
  6665 | D:5      | Found a blossoming altar of Fedhas.
  7778 | D:5      | Mangled by a wyvern skeleton

Illustrated notes

Levels and vault maps discovered:
D:1:      elethiomel_arrival_shortcut, layout_loops_ring, serial_shops, shop,
          shop_statue, nicolae_shop_advertising_works
          [nicolae_subvault_shop_adworks], chequers_serial_rivers_room_a
D:2:      layout_rooms, minmay_tripent
D:3:      layout_loops_ring, tso_metal_star, trog_antimagical,
          chequers_ecumenical_altar_simple_redux, ebering_ghost_reflecting_pool,
          minmay_misc_feat_tiny, kennysheep_generic_room_14
D:4:      layout_rooms, nicolae_hepliaklqana_hazy_memory,
          mainiacjoe_overflow_small_starburst
D:5:      layout_basic, grunt_temple_overflow_open,
          nicolae_overflow_crystal_walls

Skill      XL: |  1  2  3  4  5  6  7 |
---------------+----------------------+-----
Maces & Flails | 1 |  1.1
Long Blades    | 1 2 3 4 |  4.2
Dodging        | 2 3 |  3.1
Armour         | 3 |  3.2
Fighting       | 2 |  2.4
Stealth        | 2 |  2.4
Evocations     | 4 |  4.0

Action                   |  1- 3 |  4- 6 |  7- 9 || total
-------------------------+-------+-------+-------++-------
Melee: Club              |    99 |       |       ||    99
       Punch             |     3 |     3 |       ||     6
       Long sword        |    27 |   143 |   128 ||   298
Evoke: Wand              |     7 |    14 |    10 ||    31
       Piece from Xom's  |       |     3 |     3 ||     6
  Use: Potion            |       |       |     2 ||     2
 Stab: Sleeping          |     1 |     3 |     2 ||     6
Armor: Leather armour    |    54 |    41 |    18 ||   113
Dodge: Dodged            |   105 |   106 |    92 ||   303
